 Dungeon Sprint DCSS version 0.24.0-41-g2ae2f7f1be (webtiles) character file.

Game seed: 2293688406020105394, levelgen mode: deterministic

342 McKennaii the Carver (level 6, -5/54 HPs)
             Began as a Demonspawn Fighter on Dec 9, 2019.
             Was a Follower of Makhleb.
             Killed from afar by a gargoyle (24 damage)
             ... with a stone arrow
             ... in the Dungeon (Sprint IX: "|||||||||||||||||||||||||||||").
             The game lasted 00:01:51 (374 turns).

McKennaii the Carver (Demonspawn Fighter)            Turns: 374, Time: 00:01:51

Health: -5/54      AC: 13    Str: 19    XL:     6   Next: 30%
Magic:  6/6        EV:  8    Int: 12    God:    Makhleb [*.....]
Gold:   0          SH: 10    Dex: 12    Spells: 5/5 levels left

rFire    . . .     SeeInvis .   a - +0 long sword
rCold    . . .     Gourm    .   c - +0 shield
rNeg     . . .     Faith    .   b - +0 scale mail
rPois    .         Spirit   .   q - +0 helmet
rElec    .         Reflect  .   (no cloak)
rCorr    .         Harm     .   (no gloves)
MR       .....     NoTele   +   p - +0 pair of boots
Stlth    ..........             (no amulet)
HPRegen  0.18/turn              r - +3 ring of intelligence
MPRegen  0.10/turn              s - +2 ring of protection

@: no status effects
A: rugged brown scales 1, demonic guardian 1, powered by pain 1
a: Renounce Religion


You were in the Dungeon.
You worshipped Makhleb.
Makhleb was aware of your devotion.
You were not hungry.

You visited 1 branch

Inventory:

Hand Weapons
 a - a +0 long sword (weapon)
Armour
 b - a +0 scale mail (worn)
 c - a +0 shield (worn)
 d - a +1 scale mail
 p - a +0 pair of boots (worn)
 q - a +0 helmet (worn)
Jewellery
 r - a +3 ring of intelligence (left hand)
 s - a +2 ring of protection (right hand)
Wands
 o - a wand of iceblast (4)
Scrolls
 k - 2 scrolls of blinking
 m - 3 scrolls of remove curse
 n - 2 scrolls of amnesia
Potions
 e - 5 potions of curing
 g - 3 potions of heal wounds
 h - a potion of haste
 i - 4 potions of magic
 j - a potion of berserk rage
 l - a potion of invisibility
Comestibles
 f - a ration


   Skills:
 + Level 6.3 Fighting
 * Level 8.2 Long Blades
 + Level 6.3 Armour
 + Level 2.1 Dodging
 + Level 5.4 Shields


You had 5 spell levels left.
You didn't know any spells.
Your spell library was empty.

Dungeon Overview and Level Annotations

Branches:
Dungeon (1/1)

Altars:
Cheibriados
Dithmenos
Elyvilon
Fedhas
Gozag
Hepliaklqana
Kikubaaqudgha
Makhleb
Nemelex Xobeh
Okawaru
Qazlal
Ru
Sif Muna
Trog
Uskayaw
Vehumet
Wu Jian
Xom
Yredelemnul
Zin
The Shining One
Beogh
Jiyva
Lugonu


Innate Abilities, Weirdness & Mutations

You are partially covered in rugged brown scales. (AC +1, +3% HP)
A weak demonic guardian rushes to your aid.
You sometimes gain a little power by taking damage.


Message History

The stone arrow hits your iron imp!
Your iron imp dies!
Evoke which item? (* to show all) (? for menu, Esc to quit)
Aiming: Iceblast
Press: ? - help, Shift-Dir - straight line, f/p - gargoyle
Aim: a gargoyle, wielding a -1 mace (heavily damaged)
The mass of ice explodes!
The iceblast engulfs the gargoyle but does no damage.
The gargoyle is heavily damaged.
The gargoyle hurls a stone arrow at you.
You block the stone arrow.
Evoke which item? (* to show all) (? for menu, Esc to quit)
Aiming: Iceblast
Press: ? - help, Shift-Dir - straight line, f/p - gargoyle
Aim: a gargoyle, wielding a -1 mace (heavily damaged)
The mass of ice explodes!
The iceblast engulfs the gargoyle!
The gargoyle is almost destroyed.
The gargoyle hurls a stone arrow at you.
The stone arrow hits you!!
You die... ▓▓▓▓▓▓▓▓▓▓▓▓▓▓▓▓▓▓ '...9.)....)9(..@▓ ▓▓▓▓▓▓▓▓▓▓▓▓▓▓▓▓▓▓

You could see a gargoyle.

Vanquished Creatures
  A yak (D)
  A big kobold (D)
  A scorpion (D)
  A howler monkey (D)
  A hound (D)
  An orc wizard (D)
  An adder (D)
  A worm (D)
  A bat skeleton (D)
  2 goblins (D)
  A quokka (D)
  A bat (D)
  A kobold (D)
  A rat (D)
15 creatures vanquished.

Notes
Turn   | Place    | Note
-------+----------+-------------------------------------------
     0 | D        | McKennaii the Demonspawn Fighter began the quest for the
                  | Orb.
     0 | D        | Reached XP level 1. HP: 18/18 MP: 1/1
     7 | D        | Reached skill level 2 in Long Blades
    27 | D        | Noticed a howler monkey
    27 | D        | Noticed an orc wizard
    27 | D        | Noticed a hound
    29 | D        | Killed a hound
    29 | D        | Reached skill level 3 in Long Blades
    29 | D        | Gained mutation: You are partially covered in rugged brown
                  | scales. (AC +1, +3% HP) [demonic ancestry]
    29 | D        | Reached XP level 2. HP: 13/25 MP: 2/2
    29 | D        | Gained mutation: You sometimes gain a little power by
                  | taking damage. [demonic ancestry]
    29 | D        | Reached XP level 3. HP: 16/30 MP: 3/3
    43 | D        | Reached skill level 4 in Long Blades
    43 | D        | Reached XP level 4. HP: 21/39 MP: 4/4
    49 | D        | Reached skill level 5 in Fighting
    49 | D        | Reached skill level 5 in Long Blades
    93 | D        | Found a roughly hewn altar of Beogh.
    93 | D        | Found a snail-covered altar of Cheibriados.
    93 | D        | Found a shadowy altar of Dithmenos.
    93 | D        | Found a white marble altar of Elyvilon.
    93 | D        | Found a blossoming altar of Fedhas.
    93 | D        | Found an opulent altar of Gozag.
    94 | D        | Found a hazy altar of Hepliaklqana.
    95 | D        | Found a viscous altar of Jiyva.
    96 | D        | Found an ancient bone altar of Kikubaaqudgha.
    97 | D        | Found a corrupted altar of Lugonu.
    98 | D        | Found a burning altar of Makhleb.
    99 | D        | Found a sparkling altar of Nemelex Xobeh.
   100 | D        | Found an iron altar of Okawaru.
   101 | D        | Found a stormy altar of Qazlal.
   102 | D        | Found a sacrificial altar of Ru.
   103 | D        | Found a shimmering blue altar of Sif Muna.
   104 | D        | Found a bloodstained altar of Trog.
   105 | D        | Found a hide-covered altar of Uskayaw.
   106 | D        | Found a radiant altar of Vehumet.
   108 | D        | Became a worshipper of Makhleb the Destroyer
   110 | D        | Found an ornate altar of the Wu Jian Council.
   111 | D        | Found a shimmering altar of Xom.
   112 | D        | Found a basalt altar of Yredelemnul.
   113 | D        | Found a glowing silver altar of Zin.
   114 | D        | Found a glowing golden altar of the Shining One.
   256 | D        | Noticed a gargoyle
   256 | D        | Noticed a yak
   256 | D        | Noticed a big kobold
   275 | D        | Killed a big kobold
   275 | D        | Reached skill level 6 in Long Blades
   275 | D        | Reached skill level 5 in Armour
   275 | D        | Reached skill level 1 in Dodging
   275 | D        | Gained mutation: A weak demonic guardian rushes to your
                  | aid. [demonic ancestry]
   275 | D        | Reached XP level 5. HP: 40/45 MP: 5/5
   300 | D        | Killed a yak
   300 | D        | Reached skill level 7 in Long Blades
   300 | D        | Reached skill level 5 in Shields
   300 | D        | Reached XP level 6. HP: 33/53 MP: 6/6
   303 | D        | Reached * piety under Makhleb
   303 | D        | Reached skill level 8 in Long Blades
   374 | D        | Killed from afar by a gargoyle

Levels and vault maps discovered:
D:        linesprint [early_d, line_temple, items_1, d_10, items_2, lair_1,
          lair_end, items_3, orc_1, orc_end, items_4, d_15, swamp_1, shoals_1,
          snake_1, spider_1, d_20, vaults_1, items_5, swamp_end, shoals_end,
          snake_end, spider_end, vaults_end, d_27, items_6, zot_1, zot_end,
          crypt_end, forest_end, elf_end, slime_end, tomb_end, abyss_end,
          pan_hell_end]

Skill      XL: |  1  2  3  4  5  6 |
---------------+-------------------+-----
Long Blades    | 3 4 6 7 8 |  8.2
Armour         | 3 4 5 6 |  6.3
Shields        | 3 4 5 |  5.4
Fighting       | 4 5 6 |  6.3
Dodging        | 1 2 |  2.1

Action                   |  1- 3 |  4- 6 || total
-------------------------+-------+-------++-------
Melee: Long sword        |    29 |    45 ||    74
Evoke: Wand              |       |     6 ||     6
  Use: Potion            |     1 |       ||     1
Armor: Scale mail        |    16 |    14 ||    30
Dodge: Dodged            |     7 |    10 ||    17
Block: Shield            |     7 |    20 ||    27
       Rpst.: Long sword |     2 |     4 ||     6
